Map: Ascension to Aiur LE

Players

MaNa - Winner!

  • Race: Protoss Protoss
  • Spawn Location: 11:00

Avokado

  • Race: Terran Terran
  • Spawn Location: 5:00

Event: WCS Jonkoping 2017

VOD

Have the link to the VOD?

Description

Time

  • Played on: June 17, 2017, 11:28 a.m.
  • Length: 9:41

All games in this series

Show
View Real Time Build Order
Export as new Build Order

MaNa Protoss - Winner!

Build Orders: 1 Gate Expand, Zealot Archon, Colossus Rush 

Get SALT Encoding   

  12  0:00  Probe (Chrono Boost)  
  13  0:11  Probe (Chrono Boost)  
  14  0:18  Pylon  
  14  0:22  Probe (Chrono Boost)  
  15  0:36  Probe (Chrono Boost), Gateway  
  16  0:42  Assimilator  
  16  0:46  Probe (Chrono Boost)  
  18  0:57  Probe (Chrono Boost)  
  18  1:07  Probe (Chrono Boost)  
  19  1:17  Nexus  
  19  1:27  Cybernetics Core  
  19  1:31  Probe (Chrono Boost)  
  20  1:36  Assimilator  
  20  1:41  Probe (Chrono Boost)  
  20  1:46  Pylon  
  21  1:52  Probe (Chrono Boost)  
  22  2:04  Mothership Core (Chrono Boost), Adept  
  26  2:11  Warp Gate  
  27  2:23  Probe (Chrono Boost)  
  28  2:30  Probe (Chrono Boost)  
  28  2:31  Adept  
  30  2:37  Robotics Facility  
  30  2:40  Probe (Chrono Boost)  
  30  2:41  Probe (Chrono Boost)  
  32  2:51  Probe (Chrono Boost)  
  33  2:52  Probe (Chrono Boost)  
  34  2:58  Adept  
  34  3:01  Probe (Chrono Boost)  
  34  3:02  Probe (Chrono Boost)  
  34  3:04  Gateway  
  38  3:08  Assimilator  
  38  3:12  Probe (Chrono Boost)  
  39  3:13  Probe (Chrono Boost)  
  40  3:21  Probe (Chrono Boost)  
  40  3:23  Probe (Chrono Boost)  
  40  3:25  Observer (Chrono Boost)  
  43  3:30  Robotics Bay  
  43  3:33  Probe, Pylon  
  43  3:35  Probe  
  45  3:43  Probe  
  46  3:51  Probe  
  46  3:53  Observer (Chrono Boost)  
  46  3:54  Pylon, Probe  
  48  3:56  Assimilator  
  49  4:03  Probe, Pylon  
  49  4:05  Probe  
  51  4:11  Warp Prism (Chrono Boost)  
  51  4:15  Probe  
  51  4:16  Stalker  
  56  4:18  Sentry  
  56  4:20  Probe, Gravitic Drive  
  59  4:27  Probe  
  60  4:31  Probe  
  61  4:39  Probe  
  61  4:40  Pylon  
  61  4:42  Probe, Disruptor (Chrono Boost)  
  66  4:52  Probe x2  
  67  4:53  Pylon  
  68  5:03  Probe  
  68  5:04  Probe  
  70  5:08  Colossus (Chrono Boost)  
  76  5:14  Nexus  
  76  5:19  Extended Thermal Lance (Chrono Boost)  
  76  5:27  Gateway  
  76  5:31  Gateway  
  76  5:34  Stalker  
  74  5:39  Stalker  
  76  5:44  Probe  
  75  5:52  Colossus  
  75  6:01  Twilight Council  
  81  6:05  Pylon x2  
  81  6:07  Probe  
  82  6:22  Probe x2  
  82  6:23  Forge  
  84  6:26  Pylon  
  84  6:28  Charge (Chrono Boost), Pylon  
  84  6:31  Zealot x2  
  88  6:33  Zealot  
  88  6:39  Colossus  
  96  6:58  Protoss Ground Armor Level 1 (Chrono Boost)  
  96  6:59  Probe x3  
  99  7:06  Templar Archives  
  99  7:11  Probe x3  
  101  7:26  Zealot x4  
  101  7:28  Immortal  
  109  7:35  Gateway  
  113  7:38  Gateway  
  113  7:46  High Templar x2  
  113  7:47  High Templar x2  
  113  7:48  Probe x2  
  113  7:51  Assimilator, Archon x2  
  123  7:54  Assimilator  
  123  8:01  Probe  
  123  8:03  Pylon  
  118  8:23  Zealot x4  
  118  8:26  Probe  
  118  8:27  Forge, Probe, Gateway  
  124  8:29  Gateway  
  124  8:38  High Templar x2  
  128  8:44  Archon  
  128  8:46  Zealot x4  
  135  8:49  Immortal  
  138  9:11  Pylon x2  
  138  9:13  Pylon  
  138  9:15  Pylon  
  130  9:22  Zealot x6  
Show
View Real Time Build Order
Export as new Build Order

Avokado Terran 

Build Orders: Liberator Opening, Reaper Expand, MMM Bio 

Get SALT Encoding   

  12  0:00  SCV  
  13  0:12  SCV  
  14  0:17  Supply Depot  
  14  0:25  SCV  
  14  0:27  Refinery  
  15  0:38  SCV  
  16  0:44  Barracks  
  16  0:51  SCV  
  17  1:03  SCV  
  18  1:15  SCV  
  19  1:30  Orbital Command  
  19  1:31  Reaper  
  20  1:42  Command Center  
  20  1:53  Factory  
  20  1:57  SCV  
  21  2:08  Supply Depot  
  21  2:09  Barracks Reactor  
  21  2:10  SCV  
  22  2:15  Refinery  
  22  2:22  SCV  
  23  2:34  SCV  
  24  2:42  Starport  
  24  2:45  Marine x2  
  24  2:48  SCV  
  24  2:50  Widow Mine  
  29  2:54  Orbital Command  
  29  3:00  SCV  
  29  3:03  Marine x2  
  32  3:12  SCV  
  33  3:19  SCV  
  34  3:21  Marine x2  
  34  3:23  Widow Mine  
  34  3:24  SCV  
  41  3:31  SCV  
  41  3:32  Supply Depot  
  42  3:36  SCV  
  42  3:38  Marine x2  
  45  3:42  Medivac  
  45  3:43  SCV  
  45  3:48  SCV  
  34  3:55  Liberator, SCV  
  46  3:56  Marine x2  
  46  3:59  Factory Tech Lab  
  46  4:01  SCV  
  46  4:02  Barracks  
  50  4:03  Barracks  
  50  4:08  SCV  
  50  4:09  Supply Depot  
  51  4:14  Supply Depot  
  54  4:30  Siege Tank, Marine x2, SCV  
  60  4:34  Supply Depot  
  60  4:38  SCV  
  61  4:42  SCV  
  62  4:48  Marine x2  
  62  4:50  SCV  
  62  4:52  Supply Depot  
  65  4:53  Marine  
  65  4:54  SCV  
  65  4:59  Barracks Tech Lab  
  63  5:02  Siege Tank, SCV  
  63  5:07  SCV  
  66  5:08  Medivac  
  66  5:10  Marine  
  66  5:11  Marine  
  66  5:13  Refinery x2  
  66  5:14  SCV, Supply Depot  
  70  5:16  Marine, Supply Depot  
  70  5:17  Stimpack  
  70  5:18  Marine  
  70  5:19  SCV  
  74  5:26  SCV  
  74  5:27  Supply Depot  
  75  5:28  Marine x2  
  75  5:31  SCV, Engineering Bay  
  75  5:34  Marine  
  79  5:35  Marine  
  79  5:38  SCV  
  81  5:43  SCV  
  81  5:46  Siege Tank, Marine x2  
  78  5:51  SCV, Marine  
  78  5:53  Marine  
  78  5:55  SCV  
  82  5:58  Terran Infantry Weapons Level 1  
  82  6:03  SCV, Missile Turret  
  83  6:04  Marine  
  83  6:05  Missile Turret  
  83  6:07  SCV  
  85  6:15  SCV  
  85  6:17  Starport Reactor  
  75  6:19  Marauder, Marine, SCV  
  75  6:22  Marine  
  75  6:25  Command Center  
  80  6:26  Marauder  
  80  6:27  SCV  
  80  6:28  Factory Reactor  
  80  6:31  SCV  
  80  6:32  Combat Shields  
  84  6:37  Marine  
  86  6:40  Marauder, SCV, Marine  
  86  6:43  SCV  
  90  6:47  Marauder  
  90  6:50  Barracks  
  85  6:54  Marine, SCV  
  85  6:56  Barracks  
  85  6:58  Marine  
  85  6:59  SCV  
  85  7:00  Medivac x2  
  93  7:02  Marauder  
  93  7:07  SCV  
  96  7:08  Marine  
  96  7:11  SCV  
  96  7:12  Marine  
  99  7:21  Marine  
  100  7:23  Marauder  
  100  7:25  SCV  
  100  7:27  Marauder  
  100  7:28  Supply Depot  
  102  7:30  Marine, Medivac  
  102  7:32  Medivac  
  102  7:35  Widow Mine  
  102  7:36  Widow Mine  
  111  7:39  Marine  
  111  7:42  Orbital Command  
  111  7:43  Supply Depot  
  112  7:44  SCV  
  112  7:45  Marauder  
  112  7:47  Marine  
  112  7:51  Barracks Tech Lab  
  116  7:52  Barracks Reactor  
  116  7:55  Marine  
  117  7:59  Marine  
  117  8:00  Medivac  
  117  8:01  Concussive Shells  
  117  8:03  Widow Mine  
  117  8:04  Widow Mine  
  124  8:06  Marauder x2  
  128  8:17  Marauder  
  107  8:20  Medivac  
  107  8:21  Marine  
  102  8:27  Marauder x2, Orbital Command  
  102  8:29  SCV x2  
  102  8:30  Medivac  
  102  8:31  Marine  
  102  8:32  Marine, Widow Mine  
  114  8:37  Marine, Widow Mine  
  114  8:38  Marauder  
  114  8:39  Marine  
  120  8:43  SCV x2  
  120  8:48  Marine  
  122  8:51  Marauder, Marine  
  122  8:53  SCV  
  122  8:55  SCV  
  123  8:57  Marine  
  123  9:00  Widow Mine  
  122  9:03  Medivac x2  
  122  9:04  Marine  
  127  9:13  Marauder  
Tags
 
Add a new tag
Caveats
  • Supply blocks, unpowered buildings, or Contaminate may cause inaccurate times.
  • Supply counts are checked every 10 seconds.